 Dungeon Crawl Stone Soup version 0.28-a0-577-gb193047a1f (webtiles) character file.

Game seed: 15414648662637388857

253 iamoutofideas the Cleaver (level 6, -3/50 HPs)
             Began as a Hill Orc Gladiator on Oct 1, 2021.
             Splashed by a jelly's acid (7 damage)
             ... on level 4 of the Dungeon.
             The game lasted 00:03:18 (3627 turns).

iamoutofideas the Cleaver (Hill Orc Gladiator)      Turns: 3627, Time: 00:03:18

Health: -3/50      AC: -1    Str: 19    XL:     6   Next: 14%
Magic:  6/6        EV: 11    Int:  8    God:
Gold:   169        SH:  0    Dex: 12    Spells: 5/5 levels left

rFire   . . .      SeeInvis .   j - +1 hand axe (venom)
rCold   . . .      Faith    .   (no shield)
rNeg    . . .      Spirit   .   u - +0 ring mail
rPois   .          Reflect  .   c - +0 helmet
rElec   .          Harm     .   (no cloak)
rCorr   .          Rampage  .   (no gloves)
Will    .....                   q - +0 pair of boots
Stlth   +.........              (no amulet)
HPRegen 0.16/turn               (no ring)
MPRegen 0.10/turn               (no ring)

@: corroded, hasted, very quick
A: no striking features
a: no special abilities


You were on level 4 of the Dungeon.
You visited 1 branch of the dungeon, and saw 4 of its levels.

You collected 169 gold pieces.

Inventory:

Hand Weapons
 a - a +0 war axe
 j - a +1 hand axe of venom (weapon)
Missiles
 d - 3 throwing nets (quivered)
Armour
 b - a +0 leather armour
 c - a +0 helmet (worn)
 q - a +0 pair of boots (worn)
 u - a +0 ring mail (worn)
Scrolls
 h - a scroll of fear {unknown}
 i - a scroll of teleportation {unknown}
 m - a scroll of identify {unknown}
 o - a scroll of amnesia {unknown}
 p - a scroll of noise {unknown}
 r - a scroll of vulnerability {unknown}
 s - a scroll of magic mapping {unknown}
 t - a scroll of brand weapon {unknown}
Potions
 e - 3 potions of haste
 f - a potion of brilliance {unknown}
 g - a potion of magic {unknown}
 k - 2 potions of attraction {unknown}
 l - a potion of degeneration {unknown}
 n - a potion of might {unknown}


   Skills:
 - Level 2.4 Fighting
 + Level 8.8 Axes
 - Level 1.7 Throwing
 - Level 2.4 Dodging


You had 5 spell levels left.
You didn't know any spells.
Your spell library was empty.

Dungeon Overview and Level Annotations

Branches:
Dungeon (4/15)
 Temple: D:4-7

Altars:
Zin


Message History

The ufetubus hits you but does no damage.
A jelly comes into view.
The black bear rages.
The jelly quivers.
The ufetubus closely misses you. The ufetubus barely misses you.
You kill the black bear!
The ufetubus hits you. The ufetubus barely misses you.
Your Axes skill increases to level 8!
You have reached level 6!
Your experience leads to an increase in your attributes!
Increase (S)trength, (I)ntelligence, or (D)exterity?
You feel stronger.
You are too injured to fight recklessly!
You are too injured to fight recklessly!
You hit the ufetubus but do no damage.
The ufetubus is poisoned.
The ufetubus hits you but does no damage.
The ufetubus misses you.
You barely miss the ufetubus.
The ufetubus is moderately wounded.
The ufetubus misses you. The ufetubus completely misses you.
The ufetubus barely misses you. The ufetubus hits you.
The ufetubus closely misses you. The ufetubus misses you.
The ufetubus barely misses you. The ufetubus misses you.
You hit the ufetubus.
You kill the ufetubus!
The jelly hits you but does no damage.
You hit the jelly. The acid corrodes you!
Your hands burn!
The jelly is moderately wounded.
You hit the jelly.
Your hands burn!
* * * LOW HITPOINT WARNING * * *
The jelly is heavily wounded.
The jelly hits you but does no damage.
The jelly jiggles.
The jelly hits you.
* * * LOW HITPOINT WARNING * * *
The acid corrodes you!
You are splashed with acid!
* * * LOW HITPOINT WARNING * * *
It was a potion of haste.
You feel yourself speed up. The jelly hits you.
* * * LOW HITPOINT WARNING * * *
You are splashed with acid!
You die...

#..................# #.#.#
#..#.#.###...###.#.###.#.##
#..#.#.# #...# #.#..##.#...
#..#.#.# #. .# #.##.##.#..#
#. #.#.# # #.##†##..... #
###.# #+# #.##.##†#..#
#..###.####.####.##..#.#..#
#....................#.....
#.........@J...............
#...####..........#.....#..
#... #..........#.....#..
#.. #..........#...>.#.. #.
#..........#.....#.. #.
#..........#.....#.. .
#..........#.....# #..
#..........####+##
#...####..........#


You could see a jelly.

Vanquished Creatures
  A black bear (D:4)
  An orc priest (D:3)
  A gnoll (D:2)
  4 adders (D:3)
  A shadow imp (D:3)
  An ufetubus (D:4)
  2 worms
  A dart slug (D:3)
  5 orcs
  4 bats
  6 endoplasms
  4 giant cockroaches
  2 goblins
  3 hobgoblins
  2 jackals (D:2)
  7 quokkas
  8 ball pythons
  2 frilled lizards (D:2)
  7 kobolds
  8 rats
70 creatures vanquished.

Vanquished Creatures (others)
  14 plants (D:1)
14 creatures vanquished.

Grand Total: 84 creatures vanquished

Notes
Turn   | Place    | Note
-------+----------+-------------------------------------------
     0 | D:1      | iamoutofideas the Hill Orc Gladiator began the quest for
                  | the Orb.
     0 | D:1      | Reached XP level 1. HP: 18/18 MP: 1/1
   487 | D:1      | Reached XP level 2. HP: 11/25 MP: 2/2
  1115 | D:1      | Reached skill level 5 in Axes
  1547 | D:2      | Reached XP level 3. HP: 22/30 MP: 3/3
  1707 | D:2      | Found a faded altar of an unknown god.
  2137 | D:2      | Reached skill level 6 in Axes
  2207 | D:2      | Reached XP level 4. HP: 37/37 MP: 4/4
  2526 | D:3      | Found a glowing silver altar of Zin.
  2794 | D:3      | Reached skill level 7 in Axes
  2800 | D:3      | Reached XP level 5. HP: 36/42 MP: 5/5
  3583 | D:4      | Noticed a black bear
  3607 | D:4      | Killed a black bear
  3608 | D:4      | Reached skill level 8 in Axes
  3608 | D:4      | Reached XP level 6. HP: 22/50 MP: 6/6
  3627 | D:4      | Splashed by a jelly's acid

Illustrated notes

Levels and vault maps discovered:
D:1:      lemuel_arrival_tunnels, layout_basic, serial_bayou,
          serial_bayou_lagoon_a, serial_bayou_ford_a, serial_bayou_pond_d,
          serial_bayou_shore_a, serial_bayou_lake_a
D:2:      minmay_angry_zag, layout_basic, basic_ecumenical_altar,
          grunt_decor_fettered, minmay_crystal_water,
          chequers_serial_rivers_room_b, grunt_ministairs_14,
          cheibrodos_gnoll_hut
D:3:      layout_loops_corners, zin_scriptorium
D:4:      cheibrodos_greedy_goblins, layout_basic, lightli_temple_of_fire,
          minmay_temple_entry_metal_lava

Skill      XL: |  1  2  3  4  5 |
---------------+----------------+-----
Axes           | 5 6 7 8 |  8.8
Fighting       | |  2.4
Throwing       | |  1.7
Dodging        | |  2.4

Action                   |  1- 3 |  4- 6 || total
-------------------------+-------+-------++-------
Melee: War axe           |    64 |       ||    64
       Hand axe          |    60 |    79 ||   139
  Use: Potion            |       |     1 ||     1
 Stab: Sleeping          |     1 |     1 ||     2
Armor: Leather armour    |    32 |    11 ||    43
       Ring mail         |       |     9 ||     9
Dodge: Dodged            |    66 |    53 ||   119

Table legend: (Time is in decaauts)
 A = Elapsed time spent in this place.
 B = Non-inter-level travel time spent in this place.
 C = Inter-level travel time spent in this place.
 D = Time resting spent in this place.
 E = Time spent auto-exploring this place.
 F = Levels seen in this place.
 G = Mean time per level.
                   A        B        C        D        E       F      G
               +--------+--------+--------+--------+--------+-----+--------+
         Total |   3698 |   3582 |    116 |      0 |   3065 |   4 |  924.5 |
       Dungeon |   3698 |   3582 |    116 |      0 |   3065 |   4 |  924.5 |
               +--------+--------+--------+--------+--------+-----+--------+

Top non-repeatable levels by time:
     D:1: 1402 daAuts
     D:3: 1163 daAuts
     D:2: 964 daAuts
     D:4: 167 daAuts
